 Dungeon Crawl Stone Soup version 0.31-a0-765-g67fe2935dc (webtiles) character file.

Game seed: 2487801869201594403

72 Descartes the Chiller (level 4, 0/25 HPs)
             Began as a Deep Elf Wanderer on Sept 16, 2023.
             Slain by Terence
             ... wielding a +2 trident of flaming
              (2 damage)
             ... on level 3 of the Dungeon.
             The game lasted 00:05:15 (2273 turns).

Descartes the Chiller (Deep Elf Wanderer)           Turns: 2273, Time: 00:05:16

Health: 0/25       AC:  7    Str: 10    XL:     4   Next: 6%
Magic:  7/9        EV:  9    Int: 18    God:
Gold:   235        SH:  0    Dex: 14    Spells: 6/8 levels left

rFire   . . .        a - +0 quarterstaff
rCold   . . .        (shield currently unavailable)
rNeg    . . .        b - +0 ring mail
rPois   .            e - +2 hat
rElec   .            (no cloak)
rCorr   .            (no gloves)
SInv    .            (no boots)
Will    .....        (no amulet)
Stlth   +            (no ring)
HPRegen 0.24/turn    (no ring)
MPRegen 0.11/turn

%: no passive effects
@: very slightly contaminated
A: no striking features
a: no special abilities


You were on level 3 of the Dungeon.
You visited 1 branch of the dungeon, and saw 3 of its levels.

You collected 235 gold pieces.

Inventory:

Hand Weapons
 a - a +0 quarterstaff (weapon)
Missiles
 h - 5 poisoned darts
 j - 2 javelins
Armour
 b - a +0 ring mail (worn)
 e - a +2 hat (worn)
Magical Staves
 d - a staff of death
Jewellery
 m - a ring of see invisible
Scrolls
 c - 2 scrolls of teleportation
Potions
 f - a potion of brilliance {unknown}
 g - a potion of enlightenment {unknown}
 i - a potion of lignification {unknown}
 k - 2 potions of invisibility {unknown}
 l - a potion of magic {unknown}
 n - 2 potions of ambrosia {unknown}


   Skills:
 - Level 1.0 Fighting
 - Level 1.0 Staves
 - Level 1.5 Armour
 - Level 1.2 Stealth
 + Level 2.5 Spellcasting
 + Level 1.2 Conjurations
 + Level 4.6 Ice Magic
 + Level 1.2 Earth Magic
 - Level 1.1 Evocations


You had 6 spell levels left.
You knew the following spells:

 Your Spells              Type           Power      Damage    Failure   Level
a - Freeze                Ice            72%        1d8       7%          1
b - Sandblast             Erth           12%        2d6       26%         1

Your spell library contained the following spells:

 Spells                   Type           Power      Damage    Failure   Level
 Frozen Ramparts          Ice            36%        1d6       21%         3
 Hailstorm                Conj/Ice       12%        3d5       36%         3
 Passwall                 Tmut/Erth      3%         N/A       45%         2
 Stone Arrow              Conj/Erth      12%        3d7       61%         3


Dungeon Overview and Level Annotations

Branches:
Dungeon (3/15)

Altars:
Nemelex Xobeh
Sif Muna

Shops:
D:1 :

Annotations:
D:3 Terence


Message History

Press: ? - help, Shift-Dir - straight line, f/p - hobgoblin
Aim: a hobgoblin (moderately wounded)
You freeze the hobgoblin.
You kill the hobgoblin!
Terence the Incautious comes into view.
He is wielding a +2 trident of flaming.
Found 8 gold pieces.
Found a scroll labelled ZOIRU ATUPTISK.
Terence shouts!
You hear a shout!
You hear an angry hiss.
Casting: Freeze (safe; 7% risk of failure)
Confirm with . or Enter, or press ? or * to list all spells.
Aiming: Sandblast (safe; 26% risk of failure)
Press: ? - help, Shift-Dir - straight line, f - Terence
Aim: Terence, wielding a +2 trident of flaming and wearing a +0 ring mail (83% to hit)
The blast of sand hits Terence.
Terence is lightly wounded.
A hobgoblin comes into view.
Terence bares his teeth.
Terence barely misses you. Terence attacks as he pursues you!
Terence hits you from afar with a +2 trident of flaming!
Terence burns you.
Casting: Sandblast (safe; 26% risk of failure)
Confirm with . or Enter, or press ? or * to list all spells.
Aiming: Sandblast (safe; 26% risk of failure)
Press: ? - help, Shift-Dir - straight line, f/p - Terence
Aim: Terence, wielding a +2 trident of flaming and wearing a +0 ring mail (lightly wounded, 83% to hit)
You miscast Sandblast.
You are very lightly contaminated with residual magic.
Nothing appears to happen.
Terence closely misses you. Terence attacks as he pursues you!
Terence hits you from afar with a +2 trident of flaming.
Terence burns you. Terence attacks as he pursues you!
Terence hits you from afar with a +2 trident of flaming.
Terence burns you. Terence attacks as he pursues you!
Terence hits you from afar with a +2 trident of flaming!
* * * LOW HITPOINT WARNING * * *
Terence burns you.
You die...

#.....#.#.# ####.#.
#.......#.# #......
#.#.....#.### #######
#.#####.###.###.###.#
#........#.#.#.#.#.#.
#...<....#.#.#.#.#.#.
#.....###.###.###.###
#######.######### ###
# #g..@.@.........
.......###........##.
....... #(........#
?...... #.........#
......# #.........#
...... #.........#
.$.... #...........
...... ###########.


You could see Terence and a hobgoblin.

Vanquished Creatures
  An adder (D:1)
  A worm (D:3)
  3 dart slugs
  7 endoplasms
  3 giant cockroaches
  3 goblins
  3 hobgoblins
  7 jackals
  3 quokkas
  2 ball pythons
  4 bats (D:1)
  5 kobolds (D:1)
  5 rats (D:1)
47 creatures vanquished.

Notes
Turn   | Place    | Note
-------+----------+-------------------------------------------
     0 | D:1      | Descartes the Deep Elf Wanderer began the quest for the
                  | Orb.
     0 | D:1      | Descartes set off with the following items: a +0
                  | quarterstaff, a +0 ring mail, a scroll of teleportation;
                  | and the following spell memorised: Freeze; and the
                  | following spells available to memorise: Frozen Ramparts,
                  | Hailstorm.
     0 | D:1      | Reached XP level 1. HP: 12/12 MP: 5/5
   128 | D:1      | Reached XP level 2. HP: 16/16 MP: 6/6
   133 | D:1      | Reached skill level 4 in Ice Magic
   268 | D:1      | Found a faded altar of an unknown god.
   274 | D:1      | Got Plato's Folio of Amathomancy
   276 | D:1      | Found Dired's Book Emporium.
   621 | D:1      | Reached XP level 3. HP: 20/20 MP: 7/7
   922 | D:1      | Learned a level 1 spell: Sandblast
   943 | D:1      | Reached skill level 1 in Conjurations
   943 | D:1      | Reached skill level 1 in Earth Magic
   944 | D:1      | HP: 1/20 [poisoned by an adder]
  1096 | D:2      | Found a shimmering blue altar of Sif Muna.
  2050 | D:3      | Found a sparkling altar of Nemelex Xobeh.
  2068 | D:3      | Reached XP level 4. HP: 12/25 MP: 1/9
  2266 | D:3      | Noticed Terence
  2273 | D:3      | Slain by Terence

Illustrated notes

Levels and vault maps discovered:
D:1:      minmay_arrival_loop, layout_basic, serial_shops, shop_coins,
          shapermc_ecumenical_altar_rom_forum, minmay_cupped
D:2:      layout_loops_ring, basic_altar, minivault_24, chequers_mini_garden,
          grunt_ministairs_7
D:3:      minmay_diamond_boxcup, layout_basic, overflow_temple_1_default,
          grunt_decor_resistance, st_stairs_8, uniq_terence

Skill      XL: |  1  2  3 |
---------------+----------+-----
Ice Magic      | 4 |  4.6
Spellcasting   | 2 |  2.5
Conjurations   | 1 |  1.2
Earth Magic    | 1 |  1.2
Fighting       | |  1.0
Staves         | |  1.0
Armour         | |  1.5
Stealth        | |  1.2
Evocations     | |  1.1

Action                     |  1- 3 |  4- 6 || total
---------------------------+-------+-------++-------
  Melee: Quarterstaff      |    39 |       ||    39
   Cast: Freeze            |    43 |     3 ||    46
         Sandblast         |    13 |     2 ||    15
 Armour: Ring mail         |    72 |     5 ||    77
  Dodge: Dodged            |    40 |     2 ||    42

Table legend: (Time is in decaauts)
 A = Elapsed time spent in this place.
 B = Non-inter-level travel time spent in this place.
 C = Inter-level travel time spent in this place.
 D = Time resting spent in this place.
 E = Time spent auto-exploring this place.
 F = Levels seen in this place.
 G = Mean time per level.
                   A        B        C        D        E       F      G
               +--------+--------+--------+--------+--------+-----+--------+
         Total |   2290 |   2219 |     71 |      0 |   1929 |   3 |  763.3 |
       Dungeon |   2290 |   2219 |     71 |      0 |   1929 |   3 |  763.3 |
               +--------+--------+--------+--------+--------+-----+--------+

Top non-repeatable levels by time:
     D:1: 1063 daAuts
     D:2: 745 daAuts
     D:3: 481 daAuts
